Sabres vs Canucks
Created - 6 janvier 2014 at 19:06
Goals
|
| Sabres |
0 |
3 |
0 |
3 |
| Canucks |
0 |
1 |
1 |
2 |
|
Shots
|
| Sabres |
11 |
16 |
9 |
36 |
| Canucks |
9 |
12 |
13 |
34 |
|
1st period
No Goal
Penalties :
Nikolai Zherdev (Buf) for Interference (Minor) at 6:39, Scott Niedermayer (Van) for Holding (Minor) at 7:16, Johnny Boychuk (Buf) for Holding (Minor) at 7:16
2nd period
1. Sabres , Niclas Bergfors 17 (James Neal, Ole-Kristian Tollefsen) at 2:36
2. Canucks , Clarke MacArthur 14 (Jaromir Jagr, Ryan Getzlaf) at 2:46
3. Sabres , Steve Downie 11 (Johnny Boychuk) at 9:29
4. Sabres , Boyd Devereaux 6 (Steve Downie, Ryan Hollweg) at 11:02
Penalties :
No Penalty
3rd period
5. Canucks , Peter Worrell 7 (Zigmund Palffy, Matt Stajan) at 13:26
Penalties :
Brent Sopel (Van) for Cross-checking (Minor) at 0:03, Boyd Devereaux (Buf) for Hooking (Minor) at 2:10, Dennis Wideman (Buf) for Interference (Minor) at 7:43, Daniel Paille (Van) for Roughing (Minor) at 17:41, Boyd Devereaux (Buf) for Hooking (Minor) at 17:41
Goalie Stats
Michal Neuvirth (Buf), 32 saves from 34 shots - (0,941), W, 9-11-3, 60:00 minutes
Carey Price (Van), 33 saves from 36 shots - (0,917), L, 13-14-2, 59:51 minutes
Players Stats for Sabres
Player Name G A P +/- PIM S H SB GA TA FO MP PP MP PK MP
------------------------------------------------------------------------------------
Boyd Devereaux 1 0 1 1 4 1 1 1 0 0 13/28 20:10 0:00 1:14
Daniel Cleary 0 0 0 0 0 4 1 0 0 0 0/0 14:35 0:53 2:40
Darcy Tucker 0 0 0 0 0 1 1 0 0 0 0/0 6:16 0:00 0:00
Dennis Wideman 0 0 0 1 2 1 1 2 0 0 0/0 19:16 1:23 0:42
Dominic Moore 0 0 0 0 0 3 2 0 1 1 10/19 19:20 0:00 3:27
James Neal 0 1 1 0 0 5 1 0 0 0 0/1 15:41 0:00 0:32
Jason Smith 0 0 0 0 0 0 2 1 1 3 0/0 27:07 1:23 2:17
Johnny Boychuk 0 1 1 1 2 1 1 1 1 0 0/0 20:26 0:36 2:57
Kyle Calder 0 0 0 0 0 1 2 0 0 0 0/0 7:09 0:53 0:00
Ladislav Smid 0 0 0 0 0 1 0 1 0 1 0/0 13:42 0:00 2:17
Mike Fisher 0 0 0 0 0 0 2 0 0 0 5/9 11:05 1:06 0:00
Nathan Paetsch 0 0 0 0 0 1 0 2 0 1 0/0 11:31 0:00 0:00
Niclas Bergfors 1 0 1 0 0 5 0 0 2 0 0/1 16:39 1:06 0:00
Nikolai Zherdev 0 0 0 0 2 2 2 0 0 0 0/1 11:14 0:00 1:16
Ole-Kristian Tollefsen 0 1 1 0 0 2 1 2 0 2 0/0 28:05 0:36 3:40
Ryan Hollweg 0 1 1 1 0 3 3 0 1 1 0/0 19:49 1:06 0:00
Steve Downie 1 1 2 1 0 5 1 0 0 1 1/1 19:14 0:00 0:00
Todd White 0 0 0 0 0 0 1 0 0 0 1/1 8:41 0:53 1:23
Players Stats for Canucks
Player Name G A P +/- PIM S H SB GA TA FO MP PP MP PK MP
------------------------------------------------------------------------------------
Brent Sopel 0 0 0 0 2 2 2 4 3 0 0/0 25:14 1:53 0:00
Clarke MacArthur 1 0 1 1 0 4 0 0 1 0 2/2 21:15 2:06 0:48
Daniel Paille 0 0 0 0 2 2 1 1 0 0 0/0 8:30 0:00 0:09
David Jones 0 0 0 -2 0 1 2 1 0 0 0/0 12:43 0:00 0:31
Derian Hatcher 0 0 0 0 0 0 2 2 0 0 0/0 12:52 0:00 1:04
Erik Christensen 0 0 0 0 0 5 1 1 0 0 6/8 8:31 0:00 0:16
Fabian Brunnstrom 0 0 0 -2 0 2 2 0 2 0 1/2 15:13 2:29 0:00
François Beauchemin 0 0 0 -1 0 0 0 0 0 0 0/0 19:39 0:00 1:20
Jaromir Jagr 0 1 1 1 0 3 2 0 0 0 2/3 21:10 2:06 1:02
Jeremy Williams 0 0 0 0 0 1 0 0 0 0 0/0 8:12 0:00 0:00
Jiri Hudler 0 0 0 -2 0 0 0 0 0 1 0/1 12:44 0:00 0:00
Joe Callahan 0 0 0 0 0 2 1 0 1 1 0/0 15:46 1:53 1:08
Mark Streit 0 0 0 0 0 3 1 2 3 3 0/0 26:23 2:42 0:26
Matt Stajan 0 1 1 0 0 2 2 1 0 0 9/14 16:56 2:29 0:10
Peter Worrell 1 0 1 0 0 4 4 1 0 0 0/1 13:57 0:00 1:02
Ryan Getzlaf 0 1 1 1 0 0 4 0 0 0 11/30 19:21 2:06 0:00
Scott Niedermayer 0 0 0 -1 2 2 0 0 0 1 0/0 20:10 2:41 0:00
Zigmund Palffy 0 1 1 0 0 1 0 0 0 0 0/0 15:24 2:29 0:00
3 Stars
1 - Steve Downie (Buf)
2 - Peter Worrell (Van)
3 - Ryan Getzlaf (Van)
Power Play
Sabres - 0 on 1 Attempt(s) - 0,00%
Canucks - 0 on 3 Attempt(s) - 0,00%
Penalty Kill
Sabres - 3 on 3 Attempt(s) - 100,00%
- Score 0 goal in Penalty Kill
Canucks - 1 on 1 Attempt(s) - 100,00%
- Score 0 goal in Penalty Kill
Official
Referees : Hebert Ghislain and Furlatt Eric
Linesman : Lyle Seitz and Tim Nowak
Game Notes
No Game Note
Finance
Level 1 -- Attendance: 4002 (66,70%) -- Ticket Income 396 198 $
Level 2 -- Attendance: 5000 (100,00%) -- Ticket Income 260 000 $
Level 3 -- Attendance: 1861 (93,05%) -- Ticket Income 55 830 $
Level 4 -- Attendance: 4000 (100,00%) -- Ticket Income 68 000 $
Luxury Box -- Attendance: 948 (94,80%) -- Ticket Income 94 800 $
Game was played at the Budweiser Coliseum
Total Attendance: 15811 (87,84%)
Total Ticket Income: 874 828 $
Other Income: 131 224 $
Total Income: 1 006 052 $
Sabres
5 vs 5 Forward
Center Left Wing Right Wing Time % Phy DF OF
1 Boyd Devereaux Ryan Hollweg Steve Downie 40 2 3 0
2 Dominic Moore James Neal Niclas Bergfors 30 1 2 2
3 Mike Fisher Nikolai Zherdev Daniel Cleary 20 1 3 1
4 Todd White Kyle Calder Darcy Tucker 10 1 3 1
5 vs 5 Defense
Defense Defense Time % Phy DF OF
1 Ole-Kristian Tollefsen Jason Smith 40 1 3 1
2 Dennis Wideman Johnny Boychuk 30 1 3 1
3 Ladislav Smid Nathan Paetsch 20 1 4 0
4 Ole-Kristian Tollefsen Jason Smith 10 1 1 3
PowerPlay Forward
Center Left Wing Right Wing Time % Phy DF OF
1 Mike Fisher Ryan Hollweg Niclas Bergfors 65 1 1 3
2 Todd White Kyle Calder Daniel Cleary 35 1 2 2
PowerPlay Defense
Defense Defense Time % Phy DF OF
1 Dennis Wideman Jason Smith 60 1 2 2
2 Ole-Kristian Tollefsen Johnny Boychuk 40 1 2 2
Penalty Kill 4 Players Forward
Center Wing Time % Phy DF OF
1 Dominic Moore Daniel Cleary 60 1 4 0
2 Boyd Devereaux Todd White 40 1 4 0
Penalty Kill 4 Players Defense
Defense Defense Time % Phy DF OF
1 Ole-Kristian Tollefsen Johnny Boychuk 60 1 4 0
2 Ladislav Smid Jason Smith 40 1 4 0
Penalty Kill - 3 Players Forward
Forward Time % Phy DF OF
1 Dominic Moore 60 1 2 2
2 Boyd Devereaux 40 1 2 2
Penalty Kill - 3 Players Defense
Defense Defense Time % Phy DF OF
1 Ole-Kristian Tollefsen Johnny Boychuk 60 1 4 0
2 Ladislav Smid Jason Smith 40 1 4 0
4 vs 4 Forward
Center Wing Time % Phy DF OF
1 Dominic Moore Niclas Bergfors 60 1 2 2
2 Boyd Devereaux Daniel Cleary 40 1 3 1
4 vs 4 Defense
Defense Defense Time % Phy DF OF
1 Ole-Kristian Tollefsen Nathan Paetsch 60 1 3 1
2 Ladislav Smid Jason Smith 40 1 3 1
Last Minutes Offensive
Center Left Wing Right Wing Defense Defense
Dominic Moore Ryan Hollweg Niclas Bergfors Ole-Kristian Tollefsen Jason Smith
Last Minutes Defensive
Center Left Wing Right Wing Defense Defense
Dominic Moore Todd White Daniel Cleary Ole-Kristian Tollefsen Jason Smith
Goaltenders
Starting : Michal Neuvirth
Backup : Ty Conklin
Extra Forwards
Normal : James Neal, Steve Downie, Ryan Hollweg - PP : James Neal, Steve Downie - PK : Nikolai Zherdev
Extra Defensemen
Normal : Jason Smith, Ole-Kristian Tollefsen, Dennis Wideman - PP : Nathan Paetsch - PK : Dennis Wideman, Nathan Paetsch
Penalty Shots
Nikolai Zherdev, Niclas Bergfors, James Neal, Dominic Moore, Boyd Devereaux
Canucks
5 vs 5 Forward
Center Left Wing Right Wing Time % Phy DF OF
1 Ryan Getzlaf Clarke MacArthur Jaromir Jagr 40 1 2 2
2 Matt Stajan Peter Worrell Zigmund Palffy 30 1 2 2
3 Jiri Hudler Fabian Brunnstrom David Jones 20 1 2 2
4 Erik Christensen Daniel Paille Jeremy Williams 10 1 2 2
5 vs 5 Defense
Defense Defense Time % Phy DF OF
1 Mark Streit Brent Sopel 49 1 2 2
2 Scott Niedermayer François Beauchemin 30 1 2 2
3 Derian Hatcher Joe Callahan 20 1 2 2
4 Mark Streit Scott Niedermayer 1 1 2 2
PowerPlay Forward
Center Left Wing Right Wing Time % Phy DF OF
1 Ryan Getzlaf Clarke MacArthur Jaromir Jagr 60 1 2 2
2 Matt Stajan Fabian Brunnstrom Zigmund Palffy 40 1 2 2
PowerPlay Defense
Defense Defense Time % Phy DF OF
1 Mark Streit Scott Niedermayer 60 1 2 2
2 Brent Sopel Joe Callahan 40 1 2 2
Penalty Kill 4 Players Forward
Center Wing Time % Phy DF OF
1 Jaromir Jagr Peter Worrell 60 1 2 2
2 Clarke MacArthur Matt Stajan 40 1 2 2
Penalty Kill 4 Players Defense
Defense Defense Time % Phy DF OF
1 Derian Hatcher François Beauchemin 60 1 2 2
2 Brent Sopel Joe Callahan 40 1 2 2
Penalty Kill - 3 Players Forward
Forward Time % Phy DF OF
1 Jaromir Jagr 60 1 2 2
2 Peter Worrell 40 1 2 2
Penalty Kill - 3 Players Defense
Defense Defense Time % Phy DF OF
1 Brent Sopel François Beauchemin 60 1 2 2
2 Joe Callahan Derian Hatcher 40 1 2 2
4 vs 4 Forward
Center Wing Time % Phy DF OF
1 Jaromir Jagr Clarke MacArthur 60 1 2 2
2 Ryan Getzlaf Matt Stajan 40 1 2 2
4 vs 4 Defense
Defense Defense Time % Phy DF OF
1 Mark Streit Brent Sopel 60 1 2 2
2 Scott Niedermayer François Beauchemin 40 1 2 2
Last Minutes Offensive
Center Left Wing Right Wing Defense Defense
Matt Stajan Clarke MacArthur Jaromir Jagr Mark Streit Scott Niedermayer
Last Minutes Defensive
Center Left Wing Right Wing Defense Defense
Matt Stajan Peter Worrell Jaromir Jagr Mark Streit Scott Niedermayer
Goaltenders
Starting : Carey Price
Backup : José Theodore
Extra Forwards
Normal : Fabian Brunnstrom, Jiri Hudler, David Jones - PP : Fabian Brunnstrom, Jiri Hudler - PK : David Jones
Extra Defensemen
Normal : François Beauchemin, Joe Callahan, Brent Sopel - PP : François Beauchemin - PK : Joe Callahan, Brent Sopel
Penalty Shots
Jaromir Jagr, Peter Worrell, Clarke MacArthur, Matt Stajan, Zigmund Palffy
% Time on Ice - Sabres
Lines # - Real PCT - Wanted PCT - Time Play
Normal Forward
1 - 38% - 40% - 18:57
2 - 29% - 30% - 14:07
3 - 20% - 20% - 9:59
4 - 13% - 10% - 6:16
Normal Defense
1 - 39% - 40% - 19:07
2 - 35% - 30% - 17:27
3 - 20% - 20% - 9:53
4 - 6% - 10% - 2:52
PP Forward
1 - 55% - 65% - 1:06
2 - 45% - 35% - 0:53
PP Defense
1 - 70% - 60% - 1:23
2 - 30% - 40% - 0:36
PK Forward
1 - 70% - 60% - 3:12
2 - 30% - 40% - 1:23
PK Defense
1 - 65% - 60% - 2:58
2 - 35% - 40% - 1:37
PK3 Forward
1 - 74% - 60% - 1:01
2 - 26% - 40% - 0:21
PK3 Defense
1 - 51% - 60% - 0:42
2 - 49% - 40% - 0:40
44 Forward
1 - 76% - 60% - 1:58
2 - 24% - 40% - 0:38
44 Defense
1 - 65% - 60% - 1:41
2 - 35% - 40% - 0:55
Last Minute Offensive - 0:00
Last Minute Defensive - 0:09
Total
Forward - 60:00
Defense - 60:00
|
% Time on Ice - Canucks
Lines # - Real PCT - Wanted PCT - Time Play
Normal Forward
1 - 33% - 40% - 16:05
2 - 27% - 30% - 13:08
3 - 24% - 20% - 11:54
4 - 17% - 10% - 8:12
Normal Defense
1 - 43% - 49% - 21:02
2 - 34% - 30% - 16:38
3 - 24% - 20% - 11:39
4 - 0% - 1% - 0:00
PP Forward
1 - 46% - 60% - 2:06
2 - 54% - 40% - 2:29
PP Defense
1 - 59% - 60% - 2:42
2 - 41% - 40% - 1:53
PK Forward
1 - 92% - 60% - 1:49
2 - 8% - 40% - 0:10
PK Defense
1 - 43% - 60% - 0:51
2 - 57% - 40% - 1:08
PK3 Forward
1 - 0% - 60%
2 - 0% - 40%
PK3 Defense
1 - 0% - 60%
2 - 0% - 40%
44 Forward
1 - 75% - 60% - 2:58
2 - 25% - 40% - 1:00
44 Defense
1 - 56% - 60% - 2:13
2 - 44% - 40% - 1:45
Last Minute Offensive - 0:09
Last Minute Defensive - 0:00
Total
Forward - 60:00
Defense - 60:00
|
Play by Play
1st period
0:01 of 1st period - Ryan Getzlaf wins face-off versus Boyd Devereaux in neutral zone.
0:51 of 1st period - Dennis Wideman is hit by Erik Christensen and loses puck.
1:16 of 1st period - Snap shot by Darcy Tucker.
1:16 of 1st period - Shot Misses the Net.
1:21 of 1st period - Off-side.
1:22 of 1st period - Boyd Devereaux wins face-off versus Ryan Getzlaf in neutral zone.
1:33 of 1st period - Slapshot by Ryan Hollweg.
1:33 of 1st period - Stopped by Carey Price with a rebound.
1:35 of 1st period - Slapshot by Nathan Paetsch.
1:35 of 1st period - Shot Blocked by Mark Streit.
2:08 of 1st period - Todd White is hit by Matt Stajan and loses puck.
3:13 of 1st period - Off-side.
3:14 of 1st period - Matt Stajan wins face-off versus Dominic Moore in neutral zone.
3:27 of 1st period - Snap shot by James Neal.
3:27 of 1st period - Stopped by Carey Price with a rebound.
3:29 of 1st period - Wrist shot by Jason Smith.
3:29 of 1st period - Shot Blocked by Peter Worrell.
3:35 of 1st period - Wrist shot by Dominic Moore.
3:35 of 1st period - Shot Misses the Net.
3:37 of 1st period - Wrist shot by Dominic Moore.
3:37 of 1st period - Deflect By Niclas Bergfors.
3:37 of 1st period - Shot Misses the Net.
3:37 of 1st period - Puck is out of play.
3:38 of 1st period - Boyd Devereaux wins face-off versus Ryan Getzlaf in Canucks zone.
3:51 of 1st period - Wrist shot by Clarke MacArthur.
3:51 of 1st period - Shot Misses the Net.
3:53 of 1st period - Slapshot by Derian Hatcher.
3:53 of 1st period - Shot Misses the Net.
4:03 of 1st period - Fabian Brunnstrom is hit by Nikolai Zherdev.
4:13 of 1st period - David Jones is hit by Mike Fisher and loses puck.
4:36 of 1st period - Wrist shot by James Neal.
4:36 of 1st period - Shot Misses the Net.
4:38 of 1st period - Slapshot by Dominic Moore.
4:38 of 1st period - Shot Blocked by Brent Sopel.
4:48 of 1st period - Wrist shot by Ryan Hollweg.
4:48 of 1st period - Shot Blocked by Brent Sopel.
4:50 of 1st period - Slapshot by Nathan Paetsch.
4:50 of 1st period - Stopped by Carey Price without a rebound.
4:51 of 1st period - Ryan Getzlaf wins face-off versus Boyd Devereaux in Canucks zone.
4:51 of 1st period - Ryan Getzlaf is hit by Ryan Hollweg.
5:50 of 1st period - Slapshot by Daniel Cleary.
5:50 of 1st period - Stopped by Carey Price without a rebound.
5:51 of 1st period - Ryan Getzlaf wins face-off versus Boyd Devereaux in Canucks zone.
6:17 of 1st period - Matt Stajan is hit by Jason Smith and loses puck.
6:39 of 1st period - Minor Penalty to Nikolai Zherdev for Interference.
6:40 of 1st period - Dominic Moore wins face-off versus Ryan Getzlaf in Sabres zone.
7:16 of 1st period - Minor Penalty to Scott Niedermayer for Holding.
7:16 of 1st period - Minor Penalty to Johnny Boychuk for Holding.
7:17 of 1st period - Dominic Moore wins face-off versus Jaromir Jagr in Sabres zone.
7:28 of 1st period - Wrist shot by Clarke MacArthur.
7:28 of 1st period - Shot Misses the Net.
7:34 of 1st period - Slapshot by Mark Streit.
7:34 of 1st period - Stopped by Michal Neuvirth with a rebound.
8:39 of 1st period - Penalty to Nikolai Zherdev is over, Nikolai Zherdev is back on ice.
8:45 of 1st period - Fabian Brunnstrom is hit by Dennis Wideman and loses puck.
9:16 of 1st period - Penalty to Scott Niedermayer is over, Scott Niedermayer is back on ice.
9:16 of 1st period - Penalty to Johnny Boychuk is over, Johnny Boychuk is back on ice.
9:18 of 1st period - Snap shot by Daniel Cleary.
9:18 of 1st period - Stopped by Carey Price without a rebound.
9:19 of 1st period - Erik Christensen wins face-off versus Mike Fisher in Canucks zone.
9:19 of 1st period - Erik Christensen is hit by Johnny Boychuk.
9:35 of 1st period - Snap shot by Daniel Paille.
9:35 of 1st period - Shot Blocked by Dennis Wideman.
9:54 of 1st period - Wrist shot by Matt Stajan.
9:54 of 1st period - Shot Misses the Net.
10:24 of 1st period - Nathan Paetsch is hit by Ryan Getzlaf and loses puck.
10:39 of 1st period - David Jones is hit by Kyle Calder and loses puck.
11:14 of 1st period - Snap shot by Brent Sopel.
11:14 of 1st period - Stopped by Michal Neuvirth with a rebound.
11:16 of 1st period - Slapshot by Matt Stajan.
11:16 of 1st period - Stopped by Michal Neuvirth with a rebound.
11:22 of 1st period - Wrist shot by Zigmund Palffy.
11:22 of 1st period - Shot Misses the Net.
11:24 of 1st period - Slapshot by Mark Streit.
11:24 of 1st period - Stopped by Michal Neuvirth with a rebound.
11:26 of 1st period - Slapshot by Mark Streit.
11:26 of 1st period - Shot Misses the Net.
11:40 of 1st period - Wrist shot by Dominic Moore.
11:40 of 1st period - Shot Blocked by Derian Hatcher.
12:14 of 1st period - Wrist shot by Boyd Devereaux.
12:14 of 1st period - Deflect By Steve Downie.
12:14 of 1st period - Stopped by Carey Price without a rebound.
12:15 of 1st period - Erik Christensen wins face-off versus Boyd Devereaux in Canucks zone.
12:40 of 1st period - Boyd Devereaux is hit by Peter Worrell and loses puck.
12:45 of 1st period - Snap shot by Matt Stajan.
12:45 of 1st period - Stopped by Michal Neuvirth without a rebound.
12:46 of 1st period - Matt Stajan wins face-off versus Dominic Moore in Sabres zone.
13:05 of 1st period - Snap shot by Peter Worrell.
13:05 of 1st period - Stopped by Michal Neuvirth without a rebound.
13:06 of 1st period - Ryan Getzlaf wins face-off versus Boyd Devereaux in Sabres zone.
13:53 of 1st period - Jiri Hudler is hit by Jason Smith and loses puck.
14:33 of 1st period - Slapshot by David Jones.
14:33 of 1st period - Stopped by Michal Neuvirth with a rebound.
14:47 of 1st period - Jason Smith is hit by Fabian Brunnstrom.
16:46 of 1st period - Off-side.
16:47 of 1st period - Ryan Getzlaf wins face-off versus Dominic Moore in neutral zone.
16:56 of 1st period - Wrist shot by Clarke MacArthur.
16:56 of 1st period - Stopped by Michal Neuvirth with a rebound.
17:26 of 1st period - Wrist shot by Peter Worrell.
17:26 of 1st period - Stopped by Michal Neuvirth without a rebound.
17:27 of 1st period - Dominic Moore wins face-off versus Ryan Getzlaf in Sabres zone.
17:27 of 1st period - Dominic Moore is hit by Ryan Getzlaf.
17:42 of 1st period - Wrist shot by Dominic Moore.
17:42 of 1st period - Stopped by Carey Price without a rebound.
17:43 of 1st period - Matt Stajan wins face-off versus Mike Fisher in Canucks zone.
17:48 of 1st period - Backhand shot by Matt Stajan.
17:48 of 1st period - Deflect By Peter Worrell.
17:48 of 1st period - Shot Blocked by Johnny Boychuk.
17:48 of 1st period - Puck is out of play.
17:49 of 1st period - Matt Stajan wins face-off versus Mike Fisher in Sabres zone.
17:58 of 1st period - Slapshot by Daniel Cleary.
17:58 of 1st period - Stopped by Carey Price without a rebound.
17:59 of 1st period - Dominic Moore wins face-off versus Ryan Getzlaf in Canucks zone.
18:45 of 1st period - Slapshot by Niclas Bergfors.
18:45 of 1st period - Stopped by Carey Price with a rebound.
18:47 of 1st period - Snap shot by Niclas Bergfors.
18:47 of 1st period - Stopped by Carey Price with a rebound.
18:49 of 1st period - Slapshot by Johnny Boychuk.
18:49 of 1st period - Stopped by Carey Price without a rebound.
18:50 of 1st period - Mike Fisher wins face-off versus Ryan Getzlaf in Canucks zone.
19:27 of 1st period - Ryan Getzlaf is hit by Darcy Tucker and loses puck.
19:53 of 1st period - Icing by Derian Hatcher.
19:54 of 1st period - Mike Fisher wins face-off versus Peter Worrell in Canucks zone.
2nd period
0:01 of 2nd period - Dominic Moore wins face-off versus Ryan Getzlaf in neutral zone.
0:38 of 2nd period - Slapshot by Erik Christensen.
0:38 of 2nd period - Stopped by Michal Neuvirth without a rebound.
0:39 of 2nd period - Ryan Getzlaf wins face-off versus Boyd Devereaux in Sabres zone.
1:04 of 2nd period - Mike Fisher is hit by Peter Worrell and loses puck.
1:13 of 2nd period - Snap shot by Matt Stajan.
1:13 of 2nd period - Shot Misses the Net.
1:15 of 2nd period - Slapshot by Derian Hatcher.
1:15 of 2nd period - Shot Blocked by Dennis Wideman.
1:46 of 2nd period - Snap shot by Clarke MacArthur.
1:46 of 2nd period - Stopped by Michal Neuvirth with a rebound.
2:20 of 2nd period - Icing by François Beauchemin.
2:21 of 2nd period - Dominic Moore wins face-off versus Jiri Hudler in Canucks zone.
2:24 of 2nd period - Wrist shot by James Neal.
2:24 of 2nd period - Shot Misses the Net.
2:26 of 2nd period - Slapshot by Jason Smith.
2:26 of 2nd period - Shot Misses the Net.
2:28 of 2nd period - Snap shot by James Neal.
2:28 of 2nd period - Stopped by Carey Price with a rebound.
2:30 of 2nd period - Snap shot by James Neal.
2:30 of 2nd period - Stopped by Carey Price with a rebound.
2:32 of 2nd period - Snap shot by Ole-Kristian Tollefsen.
2:32 of 2nd period - Shot Blocked by David Jones.
2:34 of 2nd period - Snap shot by James Neal.
2:34 of 2nd period - Stopped by Carey Price with a rebound.
2:36 of 2nd period - Wrist shot by Niclas Bergfors.
2:36 of 2nd period - Goal by Niclas Bergfors - Sabres : 1 - Canucks : 0.
2:37 of 2nd period - Ryan Getzlaf wins face-off versus Boyd Devereaux in neutral zone.
2:44 of 2nd period - Snap shot by Jaromir Jagr.
2:44 of 2nd period - Stopped by Michal Neuvirth with a rebound.
2:46 of 2nd period - Snap shot by Clarke MacArthur.
2:46 of 2nd period - Goal by Clarke MacArthur - Sabres : 1 - Canucks : 1.
2:47 of 2nd period - Boyd Devereaux wins face-off versus Ryan Getzlaf in neutral zone.
3:00 of 2nd period - Snap shot by Boyd Devereaux.
3:00 of 2nd period - Shot Misses the Net.
3:37 of 2nd period - Snap shot by Daniel Cleary.
3:37 of 2nd period - Shot Misses the Net.
3:39 of 2nd period - Slapshot by Dennis Wideman.
3:39 of 2nd period - Deflect By Mike Fisher.
3:39 of 2nd period - Shot Blocked by Mark Streit.
3:39 of 2nd period - Puck is out of play.
3:40 of 2nd period - Boyd Devereaux wins face-off versus Erik Christensen in Canucks zone.
4:06 of 2nd period - James Neal is hit by Derian Hatcher and loses puck.
4:32 of 2nd period - Off-side.
4:33 of 2nd period - Matt Stajan wins face-off versus Boyd Devereaux in neutral zone.
4:35 of 2nd period - Off-side.
4:36 of 2nd period - Boyd Devereaux wins face-off versus Matt Stajan in neutral zone.
5:23 of 2nd period - Ladislav Smid is hit by Daniel Paille.
5:27 of 2nd period - Slapshot by Erik Christensen.
5:27 of 2nd period - Stopped by Michal Neuvirth without a rebound.
5:28 of 2nd period - Erik Christensen wins face-off versus Boyd Devereaux in Sabres zone.
5:29 of 2nd period - Slapshot by Joe Callahan.
5:29 of 2nd period - Stopped by Michal Neuvirth with a rebound.
5:33 of 2nd period - Backhand shot by Erik Christensen.
5:33 of 2nd period - Stopped by Michal Neuvirth with a rebound.
5:35 of 2nd period - Snap shot by Derian Hatcher.
5:35 of 2nd period - Shot Blocked by Boyd Devereaux.
5:37 of 2nd period - Snap shot by Daniel Paille.
5:37 of 2nd period - Stopped by Michal Neuvirth with a rebound.
5:39 of 2nd period - Slapshot by Derian Hatcher.
5:39 of 2nd period - Shot Blocked by Ladislav Smid.
5:41 of 2nd period - Snap shot by Derian Hatcher.
5:41 of 2nd period - Shot Misses the Net.
5:43 of 2nd period - Slapshot by Derian Hatcher.
5:43 of 2nd period - Shot Blocked by Nathan Paetsch.
5:45 of 2nd period - Wrist shot by Daniel Paille.
5:45 of 2nd period - Deflect By Jeremy Williams.
5:45 of 2nd period - Stopped by Michal Neuvirth without a rebound.
5:46 of 2nd period - Clarke MacArthur wins face-off versus Niclas Bergfors in Sabres zone.
5:57 of 2nd period - Snap shot by Jaromir Jagr.
5:57 of 2nd period - Shot Blocked by Jason Smith.
6:11 of 2nd period - James Neal is hit by Fabian Brunnstrom and loses puck.
6:34 of 2nd period - Dominic Moore is hit by Brent Sopel and loses puck.
6:45 of 2nd period - Snap shot by Erik Christensen.
6:45 of 2nd period - Stopped by Michal Neuvirth with a rebound.
6:47 of 2nd period - Slapshot by Derian Hatcher.
6:47 of 2nd period - Shot Blocked by Ole-Kristian Tollefsen.
7:17 of 2nd period - Snap shot by Clarke MacArthur.
7:17 of 2nd period - Shot Misses the Net.
7:22 of 2nd period - Off-side.
7:23 of 2nd period - Mike Fisher wins face-off versus Ryan Getzlaf in neutral zone.
7:48 of 2nd period - Matt Stajan is hit by Todd White and loses puck.
8:13 of 2nd period - François Beauchemin is hit by Boyd Devereaux and loses puck.
9:29 of 2nd period - Snap shot by Steve Downie.
9:29 of 2nd period - Goal by Steve Downie - Sabres : 2 - Canucks : 1.
9:30 of 2nd period - Boyd Devereaux wins face-off versus Ryan Getzlaf in neutral zone.
10:01 of 2nd period - Peter Worrell is hit by James Neal and loses puck.
10:43 of 2nd period - Wrist shot by Darcy Tucker.
10:43 of 2nd period - Stopped by Carey Price with a rebound.
10:45 of 2nd period - Slapshot by Dennis Wideman.
10:45 of 2nd period - Deflect By Kyle Calder.
10:45 of 2nd period - Shot Misses the Net.
10:45 of 2nd period - Puck is out of play.
10:46 of 2nd period - Boyd Devereaux wins face-off versus Matt Stajan in Canucks zone.
11:02 of 2nd period - Wrist shot by Boyd Devereaux.
11:02 of 2nd period - Goal by Boyd Devereaux - Sabres : 3 - Canucks : 1.
11:03 of 2nd period - Clarke MacArthur wins face-off versus Boyd Devereaux in neutral zone.
12:08 of 2nd period - Backhand shot by Peter Worrell.
12:08 of 2nd period - Stopped by Michal Neuvirth with a rebound.
12:22 of 2nd period - Dennis Wideman is hit by Ryan Getzlaf and loses puck.
12:47 of 2nd period - David Jones is hit by Ryan Hollweg and loses puck.
13:04 of 2nd period - Snap shot by Niclas Bergfors.
13:04 of 2nd period - Stopped by Carey Price without a rebound.
13:05 of 2nd period - Dominic Moore wins face-off versus Erik Christensen in Canucks zone.
13:29 of 2nd period - James Neal is hit by Derian Hatcher and loses puck.
13:36 of 2nd period - Slapshot by Ladislav Smid.
13:36 of 2nd period - Shot Blocked by Daniel Paille.
13:38 of 2nd period - Snap shot by Dominic Moore.
13:38 of 2nd period - Stopped by Carey Price with a rebound.
13:42 of 2nd period - Wrist shot by Dominic Moore.
13:42 of 2nd period - Shot Blocked by Erik Christensen.
13:44 of 2nd period - Snap shot by Dominic Moore.
13:44 of 2nd period - Shot Blocked by Derian Hatcher.
13:46 of 2nd period - Slapshot by Ladislav Smid.
13:46 of 2nd period - Stopped by Carey Price with a rebound.
14:18 of 2nd period - Wrist shot by Dominic Moore.
14:18 of 2nd period - Stopped by Carey Price with a rebound.
14:20 of 2nd period - Slapshot by Dominic Moore.
14:20 of 2nd period - Deflect By Niclas Bergfors.
14:20 of 2nd period - Stopped by Carey Price without a rebound.
14:21 of 2nd period - Ryan Getzlaf wins face-off versus Boyd Devereaux in Canucks zone.
14:46 of 2nd period - Brent Sopel is hit by Kyle Calder and loses puck.
14:55 of 2nd period - Wrist shot by Kyle Calder.
14:55 of 2nd period - Stopped by Carey Price without a rebound.
14:56 of 2nd period - Boyd Devereaux wins face-off versus Matt Stajan in Canucks zone.
15:49 of 2nd period - Dennis Wideman is hit by David Jones and loses puck.
17:22 of 2nd period - Jason Smith is hit by Jaromir Jagr and loses puck.
17:25 of 2nd period - Wrist shot by Steve Downie.
17:25 of 2nd period - Stopped by Carey Price with a rebound.
17:27 of 2nd period - Snap shot by Steve Downie.
17:27 of 2nd period - Stopped by Carey Price without a rebound.
17:28 of 2nd period - Dominic Moore wins face-off versus Matt Stajan in Canucks zone.
17:43 of 2nd period - Niclas Bergfors is hit by Peter Worrell and loses puck.
17:53 of 2nd period - Icing by Peter Worrell.
17:54 of 2nd period - Steve Downie wins face-off versus Ryan Getzlaf in Canucks zone.
17:57 of 2nd period - Wrist shot by Ryan Hollweg.
17:57 of 2nd period - Stopped by Carey Price with a rebound.
18:28 of 2nd period - Mike Fisher is hit by Matt Stajan and loses puck.
18:45 of 2nd period - Snap shot by Erik Christensen.
18:45 of 2nd period - Stopped by Michal Neuvirth with a rebound.
3rd period
0:01 of 3rd period - Boyd Devereaux wins face-off versus Ryan Getzlaf in neutral zone.
0:03 of 3rd period - Minor Penalty to Brent Sopel for Cross-checking.
0:04 of 3rd period - Jaromir Jagr wins face-off versus Mike Fisher in Canucks zone.
2:03 of 3rd period - Penalty to Brent Sopel is over, Brent Sopel is back on ice.
2:09 of 3rd period - Snap shot by David Jones.
2:09 of 3rd period - Shot Misses the Net.
2:10 of 3rd period - Minor Penalty to Boyd Devereaux for Hooking.
2:11 of 3rd period - Matt Stajan wins face-off versus Dominic Moore in Sabres zone.
2:24 of 3rd period - Wrist shot by Fabian Brunnstrom.
2:24 of 3rd period - Stopped by Michal Neuvirth without a rebound.
2:25 of 3rd period - Ryan Getzlaf wins face-off versus Dominic Moore in Sabres zone.
3:06 of 3rd period - Backhand shot by Nikolai Zherdev.
3:06 of 3rd period - Stopped by Carey Price with a rebound.
3:18 of 3rd period - Backhand shot by Matt Stajan.
3:18 of 3rd period - Shot Misses the Net.
3:24 of 3rd period - Snap shot by Zigmund Palffy.
3:24 of 3rd period - Stopped by Michal Neuvirth without a rebound.
3:25 of 3rd period - Dominic Moore wins face-off versus Ryan Getzlaf in Sabres zone.
4:00 of 3rd period - Slapshot by Nikolai Zherdev.
4:00 of 3rd period - Shot Misses the Net.
4:02 of 3rd period - Snap shot by Todd White.
4:02 of 3rd period - Shot Blocked by Brent Sopel.
4:10 of 3rd period - Penalty to Boyd Devereaux is over, Boyd Devereaux is back on ice.
4:19 of 3rd period - Icing by Boyd Devereaux.
4:20 of 3rd period - Erik Christensen wins face-off versus Boyd Devereaux in Sabres zone.
4:29 of 3rd period - Snap shot by Daniel Paille.
4:29 of 3rd period - Stopped by Michal Neuvirth with a rebound.
5:29 of 3rd period - Backhand shot by Nikolai Zherdev.
5:29 of 3rd period - Stopped by Carey Price with a rebound.
5:31 of 3rd period - Slapshot by Ole-Kristian Tollefsen.
5:31 of 3rd period - Stopped by Carey Price with a rebound.
5:33 of 3rd period - Slapshot by Mike Fisher.
5:33 of 3rd period - Shot Misses the Net.
5:45 of 3rd period - Wrist shot by Fabian Brunnstrom.
5:45 of 3rd period - Deflect By Jason Smith.
5:45 of 3rd period - Stopped by Michal Neuvirth without a rebound.
5:46 of 3rd period - Fabian Brunnstrom wins face-off versus Boyd Devereaux in Sabres zone.
6:13 of 3rd period - Snap shot by Jaromir Jagr.
6:13 of 3rd period - Stopped by Michal Neuvirth without a rebound.
6:14 of 3rd period - Dominic Moore wins face-off versus Ryan Getzlaf in Sabres zone.
6:37 of 3rd period - Snap shot by Jaromir Jagr.
6:37 of 3rd period - Shot Misses the Net.
6:56 of 3rd period - Slapshot by Scott Niedermayer.
6:56 of 3rd period - Stopped by Michal Neuvirth with a rebound.
6:58 of 3rd period - Slapshot by Scott Niedermayer.
6:58 of 3rd period - Stopped by Michal Neuvirth without a rebound.
6:59 of 3rd period - Matt Stajan wins face-off versus Nikolai Zherdev in Sabres zone.
7:09 of 3rd period - Slapshot by Ladislav Smid.
7:09 of 3rd period - Shot Blocked by Matt Stajan.
7:25 of 3rd period - Nathan Paetsch is hit by Brent Sopel and loses puck.
7:43 of 3rd period - Minor Penalty to Dennis Wideman for Interference.
7:44 of 3rd period - Ryan Getzlaf wins face-off versus Dominic Moore in Sabres zone.
7:53 of 3rd period - Snap shot by Jaromir Jagr.
7:53 of 3rd period - Shot Blocked by Ole-Kristian Tollefsen.
9:21 of 3rd period - Jaromir Jagr is hit by Ole-Kristian Tollefsen.
9:31 of 3rd period - Matt Stajan is hit by Nikolai Zherdev and loses puck.
9:43 of 3rd period - Penalty to Dennis Wideman is over, Dennis Wideman is back on ice.
9:48 of 3rd period - Slapshot by Dennis Wideman.
9:48 of 3rd period - Stopped by Carey Price without a rebound.
9:49 of 3rd period - Erik Christensen wins face-off versus Boyd Devereaux in Canucks zone.
9:56 of 3rd period - Snap shot by Ryan Hollweg.
9:56 of 3rd period - Stopped by Carey Price without a rebound.
9:57 of 3rd period - Erik Christensen wins face-off versus Boyd Devereaux in Canucks zone.
9:57 of 3rd period - Erik Christensen is hit by Steve Downie.
10:07 of 3rd period - Off-side.
10:08 of 3rd period - Boyd Devereaux wins face-off versus Ryan Getzlaf in neutral zone.
10:42 of 3rd period - Wrist shot by Brent Sopel.
10:42 of 3rd period - Stopped by Michal Neuvirth with a rebound.
10:44 of 3rd period - Slapshot by Mark Streit.
10:44 of 3rd period - Stopped by Michal Neuvirth without a rebound.
10:45 of 3rd period - Mike Fisher wins face-off versus Ryan Getzlaf in Sabres zone.
11:46 of 3rd period - Icing by Jiri Hudler.
11:47 of 3rd period - Todd White wins face-off versus Fabian Brunnstrom in Canucks zone.
11:50 of 3rd period - Wrist shot by Steve Downie.
11:50 of 3rd period - Stopped by Carey Price with a rebound.
12:14 of 3rd period - Fabian Brunnstrom is hit by Dominic Moore and loses puck.
12:29 of 3rd period - Slapshot by Daniel Cleary.
12:29 of 3rd period - Stopped by Carey Price without a rebound.
12:30 of 3rd period - Mike Fisher wins face-off versus Ryan Getzlaf in Canucks zone.
12:48 of 3rd period - Icing by Brent Sopel.
12:49 of 3rd period - Boyd Devereaux wins face-off versus Ryan Getzlaf in Canucks zone.
12:56 of 3rd period - Snap shot by Jaromir Jagr.
12:56 of 3rd period - Shot Misses the Net.
13:24 of 3rd period - Snap shot by Clarke MacArthur.
13:24 of 3rd period - Stopped by Michal Neuvirth without a rebound.
13:25 of 3rd period - Matt Stajan wins face-off versus James Neal in Sabres zone.
13:26 of 3rd period - Snap shot by Zigmund Palffy.
13:26 of 3rd period - Deflect By Peter Worrell.
13:26 of 3rd period - Goal by Peter Worrell - Sabres : 3 - Canucks : 2.
13:27 of 3rd period - Boyd Devereaux wins face-off versus Ryan Getzlaf in neutral zone.
13:38 of 3rd period - Slapshot by Steve Downie.
13:38 of 3rd period - Shot Misses the Net.
13:40 of 3rd period - Slapshot by Ole-Kristian Tollefsen.
13:40 of 3rd period - Stopped by Carey Price without a rebound.
13:41 of 3rd period - Ryan Getzlaf wins face-off versus Dominic Moore in Canucks zone.
14:24 of 3rd period - Wrist shot by Ryan Getzlaf.
14:24 of 3rd period - Shot Hit the Post.
14:26 of 3rd period - Slapshot by Joe Callahan.
14:26 of 3rd period - Stopped by Michal Neuvirth without a rebound.
14:27 of 3rd period - Boyd Devereaux wins face-off versus Matt Stajan in Sabres zone.
14:52 of 3rd period - Dennis Wideman is hit by Mark Streit.
15:20 of 3rd period - Derian Hatcher is hit by Mike Fisher and loses puck.
16:29 of 3rd period - Wrist shot by James Neal.
16:29 of 3rd period - Stopped by Carey Price with a rebound.
16:31 of 3rd period - Slapshot by Johnny Boychuk.
16:31 of 3rd period - Shot Blocked by Brent Sopel.
16:39 of 3rd period - Johnny Boychuk is hit by David Jones and loses puck.
16:56 of 3rd period - Snap shot by Jaromir Jagr.
16:56 of 3rd period - Stopped by Michal Neuvirth with a rebound.
17:27 of 3rd period - Dominic Moore is hit by Peter Worrell and loses puck.
17:37 of 3rd period - Jason Smith is hit by Joe Callahan and loses puck.
17:41 of 3rd period - Minor Penalty to Daniel Paille for Roughing.
17:41 of 3rd period - Minor Penalty to Boyd Devereaux for Hooking.
17:42 of 3rd period - Jaromir Jagr wins face-off versus Dominic Moore in Canucks zone.
17:55 of 3rd period - Dominic Moore is hit by Jaromir Jagr and loses puck.
19:01 of 3rd period - Jiri Hudler is hit by Ryan Hollweg and loses puck.
19:24 of 3rd period - François Beauchemin is hit by Daniel Cleary and loses puck.
19:39 of 3rd period - Steve Downie is hit by Ryan Getzlaf and loses puck.
19:41 of 3rd period - Penalty to Daniel Paille is over, Daniel Paille is back on ice.
19:41 of 3rd period - Penalty to Boyd Devereaux is over, Boyd Devereaux is back on ice.
19:42 of 3rd period - Canucks, Carey Price is pulled from the net.
19:44 of 3rd period - Wrist shot by Ryan Getzlaf.
19:44 of 3rd period - Shot Blocked by Nathan Paetsch.
19:50 of 3rd period - Slapshot by Steve Downie.
19:50 of 3rd period - Deflect By Boyd Devereaux.
19:50 of 3rd period - Shot Misses the Net.
19:50 of 3rd period - Puck is out of play.
19:51 of 3rd period - Bryan Murray call a timeout for Canucks.
19:51 of 3rd period - Carey Price from Canucks was sent back in the game.
19:51 of 3rd period - Matt Stajan wins face-off versus Dominic Moore in Canucks zone.
19:58 of 3rd period - Joe Callahan is hit by Dominic Moore and loses puck.
Output by the SimonT Hockey Simulator (STHS) for François Prévost -- Original Page W3C XHTML 1.0 Valid